AoeStats
← Mycorrhizal

Black Forest

508704476Analyzed
4v4 RM · 8d ago on Sep 23, 2026· 52m 4s· 8 players
Game mode
Random Map
Map size
Large (8 player)
Population
200
Speed
Normal
Resources
Standard
Victory
Conquest
Starting age
Dark Age
Ending age
Imperial Age
RankedLock teamsTeams togetherTeam positionsShared explorationLock speedFull tech treeHidden civsTurbo modeCheats
Victory
Defeat
🇺🇸 Khmer · United States
1452
+16
🇫🇷 Persians · France
1436
+17
🇨🇦 Saracens · Canada
1435
+17
🇦🇷 Malians · Argentina
1364
+20
🇷🇺 Persians · Russia
1548
-22
🇳🇴 Japanese · Norway
1478
-18
🇨🇱 Hindustanis · Chile
1431
-17
🇲🇽 Magyars · Mexico
1343
-13
Mycorrhizal
0:52 Loom
14:54 Feudal Age
23:23 Castle Age
36:38 Fletching
46:09 Elite Skirmisher
49:51 Bodkin Arrow
51:39 Padded Archer Armor
AML4554
7:11 Loom
12:28 Feudal Age
15:20 Castle Age
13:27 Double-Bit Axe
14:47 Fishing Lines
17:01 Bow Saw
18:09 Gillnets
18:11 Horse Collar
25:40 Wheelbarrow
25:25 Bloodlines
26:23 Scale Barding Armor
27:38 Chain Barding Armor
28:48 Husbandry
29:20 Forging
31:33 Hand Cart
31:19 Heavy Plow
35:43 Imperial Age
35:10 Iron Casting
35:17 Gold Mining
35:18 Stone Mining
36:48 Ballistics
37:28 Chemistry
36:34 Siege Engineers
37:35 Crop Rotation
37:58 Coinage
37:29 Caravan
38:10 Masonry
39:45 Scale Mail Armor
40:47 Blast Furnace
39:09 Pikeman
39:50 Elite Battle Elephant
41:21 Plate Barding Armor
41:02 Chain Mail Armor
40:10 Halberdier
45:14 Banking
45:16 Conscription
44:17 Elite Ballista Elephant
45:37 Double Crossbow
47:46 Town Watch
50:29 Fletching
51:53 Arson
chinsa_yama
10:59 Feudal Age
16:36 Castle Age
14:34 Double-Bit Axe
15:49 Horse Collar
18:19 Bow Saw
19:36 Loom
29:45 Imperial Age
28:11 Scale Barding Armor
28:17 Forging
28:13 Devotion
28:42 Fishing Lines
29:17 Husbandry
29:28 Bloodlines
30:21 Iron Casting
30:07 Chain Barding Armor
29:57 Gillnets
30:03 Gold Mining
30:56 Wheelbarrow
30:36 Heavy Plow
30:18 Elite War Elephant
31:26 Conscription
32:16 Blast Furnace
32:45 Plate Barding Armor
32:44 Hand Cart
32:44 Caravan
34:15 Crop Rotation
34:47 Two-Man Saw
34:36 Gold Shaft Mining
37:43 Town Watch
40:28 Light Cavalry
47:30 Coinage
Teyo
0:44 Loom
10:55 Feudal Age
12:55 Double-Bit Axe
15:14 Castle Age
14:32 Horse Collar
14:52 Town Watch
15:45 Wheelbarrow
18:47 Bow Saw
21:15 Heavy Plow
24:01 Gold Mining
26:11 Hand Cart
29:16 Imperial Age
28:01 Gold Shaft Mining
28:03 Bloodlines
28:05 Forging
28:00 Scale Barding Armor
28:06 Scale Barding Armor
28:05 Husbandry
30:36 Farimba
30:57 Conscription
30:59 Chain Barding Armor
30:12 Cavalier
33:57 Ballistics
34:15 Iron Casting
34:15 Plate Barding Armor
37:00 Arson
37:15 Squires
37:17 Scale Mail Armor
37:07 Fletching
36:54 Heavy Camel Rider
38:15 Chain Mail Armor
40:42 Crop Rotation
43:08 Elite Gbeto
44:54 Bodkin Arrow
45:29 Plate Mail Armor
44:57 Bodkin Arrow
HaloWeen
6:48 Loom
12:43 Feudal Age
16:23 Castle Age
14:10 Double-Bit Axe
15:22 Fishing Lines
15:55 Horse Collar
17:39 Wheelbarrow
21:56 Bow Saw
22:44 Fishing Lines
24:10 Hand Cart
25:10 Fervor
25:53 Gillnets
26:07 Heavy Plow
29:44 Imperial Age
27:06 Town Watch
27:14 Gold Mining
28:01 Scale Barding Armor
28:43 Bloodlines
29:14 Chain Barding Armor
29:18 Husbandry
30:11 Corvinian Army
31:00 Plate Barding Armor
30:49 Conscription
30:28 Capped Ram
31:22 Cavalier
32:21 Fletching
33:02 Paladin
34:20 Town Patrol
35:12 Scale Mail Armor
34:34 Pikeman
36:03 Caravan
36:20 Masonry
36:27 Chain Mail Armor
35:34 Halberdier
36:45 Arson
38:16 Bodkin Arrow
39:28 Two-Man Saw
39:37 Chemistry
40:04 Crop Rotation
40:07 Coinage
42:56 Parthian Tactics
42:34 Padded Archer Armor
Mancodios
0:47 Loom
10:44 Feudal Age
11:54 Double-Bit Axe
18:02 Castle Age
19:48 Padded Archer Armor
21:39 Bow Saw
21:38 Horse Collar
24:35 Wheelbarrow
24:06 Heavy Plow
28:11 Hand Cart
31:20 Imperial Age
29:55 Fortified Wall
30:09 Masonry
31:39 Leather Archer Armor
31:55 Husbandry
33:07 Chemistry
32:31 Conscription
32:58 Ring Archer Armor
33:49 Scale Barding Armor
34:46 Two-Man Saw
34:30 Bloodlines
33:45 Light Cavalry
34:44 Shatagni
34:51 Heavy Camel Rider
37:19 Chain Barding Armor
38:16 Forging
38:05 Imperial Camel Rider
40:22 Plate Barding Armor
41:16 Iron Casting
44:08 Scale Mail Armor
44:13 Pikeman
46:09 Blast Furnace
Sasha The Bunny
0:47 Loom
14:39 Feudal Age
15:57 Double-Bit Axe
16:06 Man-at-Arms
16:32 Arson
18:25 Fletching
18:37 Padded Archer Armor
20:35 Wheelbarrow
20:53 Horse Collar
22:42 Town Watch
29:20 Castle Age
28:02 Scale Mail Armor
28:13 Forging
28:31 Stone Mining
28:32 Gold Mining
29:47 Pikeman
30:27 Squires
31:35 Bow Saw
33:58 Chain Mail Armor
34:19 Iron Casting
34:57 Chain Mail Armor
35:50 Heavy Plow
37:51 Yasama
39:08 Masonry
39:26 Bodkin Arrow
40:13 Ballistics
44:35 Imperial Age
41:58 Treadmill Crane
42:10 Guard Tower
42:01 Treadmill Crane
44:41 Halberdier
46:59 Plate Mail Armor
48:13 Blast Furnace
47:57 Parthian Tactics
48:13 Bracer
xxArMoRxx
4:00 Loom
11:31 Feudal Age
15:42 Castle Age
14:03 Fishing Lines
14:11 Double-Bit Axe
18:11 Gillnets
18:36 Horse Collar
19:17 Bow Saw
20:40 Bloodlines
22:29 Husbandry
23:29 Scale Barding Armor
25:08 Wheelbarrow
27:29 Heavy Plow
27:57 Forging
28:38 Squires
29:41 Gold Mining
31:03 Hand Cart
30:36 Town Watch
31:55 Pikeman
36:29 Imperial Age
34:23 Chain Barding Armor
33:54 Fletching
34:05 Scale Mail Armor
34:21 Stone Mining
34:32 Light Cavalry
35:54 Gambesons
37:09 Gold Shaft Mining
37:09 Stone Shaft Mining
36:21 Halberdier
37:08 Hussar
39:23 Conscription
40:59 Chain Mail Armor
41:20 Plate Barding Armor
41:21 Iron Casting
41:33 Hoardings
42:26 Heavy Camel Rider
44:36 Elite War Elephant
46:36 Blast Furnace
46:07 Plate Mail Armor
45:33 Bodkin Arrow
45:44 Arson
49:57 Stone Shaft Mining
50:28 Two-Man Saw
50:00 Crop Rotation
49:47 Fervor
49:52 Block Printing
49:32 Herbal Medicine
51:56 Padded Archer Armor
52:10 Masonry
Connection lost

Rejoining the realm…

Still unreachable

The connection could not be restored.

Session expired

The server has moved on; the page needs a fresh start.